 Dungeon Crawl Stone Soup version 0.31.0-9-g3a7656b989 (webtiles) character file.

Game seed: 4157940762839979314

46 qw the Shooter (level 3, 0/20 HPs)
             Began as a Deep Elf Hunter on Feb 3, 2024.
             Slain by a jackal (3 damage)
             ... on level 2 of the Dungeon.
             The game lasted 00:00:19 (1359 turns).

qw the Shooter (Deep Elf Hunter)                    Turns: 1359, Time: 00:00:19

Health: 0/20       AC:  5    Str: 10    XL:     3   Next: 44%
Magic:  5/5        EV: 11    Int: 13    God:
Gold:   39         SH:  0    Dex: 18    Spells: 2/2 levels left

rFire   . . .        a - +0 shortbow
rCold   . . .        (shield currently unavailable)
rNeg    . . .        h - +0 ring mail
rPois   .            (no helmet)
rElec   .            (no cloak)
rCorr   .            (no gloves)
SInv    .            (no boots)
Will    .....        (no amulet)
Stlth   +            (no ring)
HPRegen 0.23/turn    (no ring)
MPRegen 0.09/turn

%: no passive effects
@: no status effects
A: no striking features
a: no special abilities


You were on level 2 of the Dungeon.
You visited 1 branch of the dungeon, and saw 2 of its levels.

You collected 39 gold pieces.


   Skills:
 - Level 1.5 Fighting
 + Level 7.0 Ranged Weapons
 - Level 2.4 Dodging
 - Level 1.2 Stealth


You had 2 spell levels left.
You didn't know any spells.
Your spell library was empty.

Inventory:

Hand Weapons
 a - a +0 shortbow (weapon)
Armour
 h - a +0 ring mail (worn)
Scrolls
 c - a scroll of teleportation {unknown}
 i - a scroll of enchant weapon {unknown}
Potions
 b - a potion of resistance {unknown}
 d - a potion of enlightenment {unknown}
 e - a potion of cancellation {unknown}
 f - a potion of attraction {unknown}
 g - a potion of might {unknown}

Dungeon Overview and Level Annotations

Branches:
Dungeon (2/15)

Altars:


Message History

The jackal bites you but does no damage.
The bat hits you but does no damage. The frilled lizard misses you.
The jackal bites you but does no damage.
You shoot an arrow. The arrow barely misses the jackal.
The bat hits you but does no damage. The ball python barely misses you.
The ball python grabs you. The ball python constricts you.
The jackal bites you but does no damage.
The jackal bites you.
The jackal bites you but does no damage.
The ball python bites you but does no damage.
The ball python constricts you.
The frilled lizard bites you but does no damage.
The jackal completely misses you.
The jackal bites you but does no damage.
You shoot an arrow. The arrow hits the ball python.
You kill the ball python!
The jackal closely misses you. The bat barely misses you.
The jackal misses you.
The jackal bites you but does no damage.
The frilled lizard bites you but does no damage.
The jackal closely misses you.
You shoot an arrow. The arrow hits the jackal.
The jackal is almost dead.
The bat barely misses you. The jackal closely misses you.
The jackal barely misses you. x2; The bat misses you.
The frilled lizard barely misses you.
The jackal stops to sniff the ground.
The jackal bites you but does no damage.
The jackal barely misses you. The jackal bites you. The bat barely misses you.
You shoot an arrow. The arrow closely misses the jackal.
The bat hits you. The bat closely misses you. The jackal barely misses you.
The jackal misses you.
The jackal bites you but does no damage.
The frilled lizard misses you. The jackal misses you.
The jackal bites you but does no damage.
The frilled lizard closely misses you. The bat closely misses you.
The jackal barely misses you.
You shoot an arrow. The arrow hits the jackal.
You kill the jackal!
The bat hits you but does no damage. The jackal bites you. x2
You die...

#.#.....%..##
~..~..~}.
#.#.........#
~..~..~..~
.....#..##.##
~...~~..~.
#.......##.#
#.......~.
####.#.###.#
#........~ #....##.#
##......... #.......#
#.......... ##...###
###.hl....# #...#
#.b.@%..[.# #...#
##.#.#h.#..#
#####...####....#..#
#
............###.#....
............#
#.......
.........(..#
#.#.###.#
#####...####...##.#
## #...# ### .# #...#


You could see 2 jackals, a bat and a frilled lizard.

Vanquished Creatures
  An adder (D:2)
  A dart slug (D:1)
  A ball python (D:2)
  4 endoplasms
  2 giant cockroaches (D:1)
  2 goblins (D:1)
  3 hobgoblins
  2 jackals (D:2)
  7 bats
  A frilled lizard (D:2)
  5 kobolds
  4 rats
33 creatures vanquished.

Notes
Turn   | Place    | Note
-------+----------+-------------------------------------------
     0 | D:1      | qw the Deep Elf Hunter began the quest for the Orb.
     0 | D:1      | Reached XP level 1. HP: 12/12 MP: 3/3
     0 | D:1      | 0 ||| qw: Version: 0.3-a-155-g5e7d8dd
     0 | D:1      | 0 ||| qw: Game counter: 2949
     0 | D:1      | 0 ||| qw: Melee chars always use a shield: true
     0 | D:1      | 0 ||| qw: God list: Okawaru
     0 | D:1      | 0 ||| qw: Allow faded altars: false
     0 | D:1      | 0 ||| qw: Do Orc after clearing Dungeon:15 true
     0 | D:1      | 0 ||| qw: Do second Lair branch before Depths: true
     0 | D:1      | 0 ||| qw: Lair rune preference: random
     0 | D:1      | 0 ||| qw: Goals: Normal
     0 | D:1      | 0 ||| PLANNING D:1-11
   211 | D:1      | Reached skill level 6 in Ranged Weapons
   211 | D:1      | Reached XP level 2. HP: 16/16 MP: 4/4
   319 | D:1      | Found a faded altar of an unknown god.
  1028 | D:1      | 1028 ||| UPGRADING to +0 ring mail.
  1038 | D:1      | 1038 ||| DROPPING +0 leather armour.
  1039 | D:1      | 1039 ||| READING scroll labelled HEOMYC CIWUMIC.
  1068 | D:1      | 1068 ||| DROPPING scroll of butterflies.
  1150 | D:2      | Reached XP level 3. HP: 20/20 MP: 5/5
  1351 | D:2      | Reached skill level 7 in Ranged Weapons
  1357 | D:2      | HP: 4/20 [jackal (2)]
  1359 | D:2      | Slain by a jackal

Levels and vault maps discovered:
D:1:      dpeg_arrival_refuge, layout_loops_ring, serial_forest,
          infiniplex_forest_clump_long, infiniplex_forest_clump_tiny,
          infiniplex_forest_corner_2, infiniplex_forest_zigzag_2,
          infiniplex_forest_zigzag_2, infiniplex_forest_lined_room_,
          infiniplex_forest_clump_diagonal, infiniplex_forest_lined_2,
          infiniplex_forest_pool, infiniplex_forest_fountain,
          nicolae_ecumenical_lake_church
D:2:      cheibrodos_helix_gallery, layout_loops_cross

Skill      XL: |  1  2  3 |
---------------+----------+-----
Ranged Weapons | 6 7 |  7.0
Fighting       | |  1.5
Dodging        | |  2.4
Stealth        | |  1.2

Action                     || total
---------------------------++-------
   Fire: Shortbow          ||   107
    Use: Scroll            ||     1
 Armour: Leather armour    ||    14
         Ring mail         ||    54
  Dodge: Dodged            ||   103

Table legend:
 A = Non-vault XP
 B = Vault XP
 C = Vault XP percentage of total XP
 D = Non-vault monster count
 E = Vault monster count
 F = Vault count percentage of total count
                 A         B        C        D         E       F
            +---------+---------+-------+---------+---------+-------
      Total |      68 |       0 |   0.0 |      33 |       0 |   0.0
            +---------+---------+-------+---------+---------+-------
        D:1 |      39 |       0 |   0.0 |      23 |       0 |   0.0
        D:2 |      29 |       0 |   0.0 |      10 |       0 |   0.0
            +---------+---------+-------+---------+---------+-------
